Toronto Maple Leafs vs New York Rangers
(R1)
Created - Thursday, March 13, 2025 at 08:52
Goals
|
| Toronto Maple Leafs |
2 |
0 |
1 |
3 |
| New York Rangers |
2 |
0 |
2 |
4 |
|
Shots
|
| Toronto Maple Leafs |
12 |
11 |
14 |
37 |
| New York Rangers |
11 |
8 |
13 |
32 |
|
1st period
1. Toronto Maple Leafs , Dougie Hamilton 3 (Brady Tkachuk 26, Troy Terry 17) at 8:29 (PP)
2. New York Rangers , Mathew Barzal 9 (Adam Larsson 6, Nathan MacKinnon 11) at 12:40
3. New York Rangers , Conor Garland 5 (Marcus Foligno 6, Igor Shesterkin) at 15:28
4. Toronto Maple Leafs , Cody Ceci 2 (Wyatt Johnston 13, Quinton Byfield 14) at 18:54
Penalties :
Marcus Foligno (NYR) for Fighting (Major) at 1:51, Nino Niederreiter (TOR) for Fighting (Major) at 1:51, Brandon Saad (TOR) for Hooking (Minor) at 1:58, Matthew Benning (NYR) for Holding Stick (Minor) at 8:17, Brady Tkachuk (TOR) for Hooking (Minor) at 15:31
2nd period
No Goal
Penalties :
Dylan Strome (NYR) for Roughing (Minor) at 3:10, Artemi Panarin (NYR) for Interference (Minor) at 7:36, Dougie Hamilton (TOR) for Tripping (Minor) at 16:08
3rd period
5. New York Rangers , Artemi Panarin 9 (Mathew Barzal 18, Nathan MacKinnon 12) at 0:16
6. Toronto Maple Leafs , Sam Bennett 6 (Sean Walker 8, Dougie Hamilton 5) at 11:18
7. New York Rangers , Joe Pavelski 7 (Mikael Granlund 9, Matthew Benning 3) at 19:17
Penalties :
Brady Tkachuk (TOR) for Hooking (Minor) at 4:12, Dougie Hamilton (TOR) for Roughing (Minor) at 16:55, Jake Walman (NYR) for Tripping (Minor) at 17:00
Goalie Stats
Frederik Andersen (TOR), 16 saves from 18 shots - (0.889), 34:17 minutes
Cam Talbot (TOR), 12 saves from 14 shots - (0.857), L, 10-5-1, 25:43 minutes
Igor Shesterkin (NYR), 34 saves from 37 shots - (0.919), W, 11-11-4, 60:00 minutes
Players Stats for Toronto Maple Leafs
Player Name G A P +/- PIM S H SB GA TA FO MP PP MP PK MP
------------------------------------------------------------------------------------
Aaron Ekblad 0 0 0 -1 0 1 3 1 0 2 0/0 21:55 2:09 4:09
Andrew Mangiapane 0 0 0 -1 0 0 2 0 0 0 1/1 8:47 0:00 0:00
Brady Tkachuk 0 1 1 -2 4 6 4 0 0 0 1/1 17:33 2:01 0:02
Brandon Saad 0 0 0 -1 2 2 1 0 0 1 1/1 10:05 0:04 0:11
Cody Ceci 1 0 1 1 0 2 0 2 0 0 0/0 19:23 0:00 4:09
Dougie Hamilton 1 1 2 -2 4 1 2 5 0 1 0/0 19:49 2:14 0:00
Mario Ferraro 0 0 0 0 0 1 2 1 0 0 0/0 18:52 0:05 3:52
Nick Bjugstad 0 0 0 1 0 1 1 0 0 0 4/7 18:59 2:05 3:55
Nicolas Roy 0 0 0 1 0 2 2 1 1 1 0/0 14:18 0:04 3:46
Nino Niederreiter 0 0 0 1 5 1 2 0 0 0 0/1 9:16 0:00 0:18
Quinton Byfield 0 1 1 1 0 1 3 1 0 0 0/0 14:26 2:05 0:00
Ryan Pulock 0 0 0 -2 0 2 1 1 0 0 0/0 20:43 2:06 3:52
Sam Bennett 1 0 1 0 0 4 3 0 0 1 2/7 11:25 0:09 0:00
Scott Laughton 0 0 0 -1 0 5 1 0 0 0 1/2 12:42 0:00 3:55
Sean Walker 0 1 1 -1 0 0 2 2 0 0 0/0 19:40 2:01 0:00
Tomas Hertl 0 0 0 -2 0 4 3 0 0 1 14/26 20:37 2:01 3:53
Troy Terry 0 1 1 -2 0 3 0 0 0 0 0/0 15:38 2:01 0:00
Wyatt Johnston 0 1 1 0 0 1 1 0 0 1 8/18 15:51 2:10 0:02
Players Stats for New York Rangers
Player Name G A P +/- PIM S H SB GA TA FO MP PP MP PK MP
------------------------------------------------------------------------------------
Adam Larsson 0 1 1 0 0 0 0 3 0 0 0/0 19:16 0:00 2:40
Artemi Panarin 1 0 1 0 2 4 0 1 0 0 0/0 18:28 4:28 0:05
Brendan Smith 0 0 0 1 0 4 1 1 0 0 0/0 16:25 0:00 1:07
Cam Fowler 0 0 0 0 0 0 0 2 0 0 0/0 22:56 3:14 2:35
Cole Caufield 0 0 0 0 0 3 0 0 1 0 0/2 16:20 4:28 0:07
Conor Garland 1 0 1 0 0 1 0 0 1 0 0/0 9:10 0:06 0:00
David Kampf 0 0 0 0 0 1 0 0 0 0 5/8 12:09 0:00 2:23
Dylan Strome 0 0 0 0 2 3 0 0 2 0 7/10 17:01 3:27 0:00
Jake McCabe 0 0 0 1 0 1 1 0 0 1 0/0 16:28 0:00 0:33
Jake Walman 0 0 0 1 2 1 0 3 0 0 0/0 23:49 4:46 1:07
Joe Pavelski 1 0 1 2 0 3 2 0 1 0 0/1 14:31 3:27 0:00
Marcus Foligno 0 1 1 0 5 4 2 0 0 0 0/0 11:01 0:00 2:23
Mathew Barzal 1 1 2 0 0 3 3 1 0 0 0/2 18:33 4:47 0:43
Matthew Benning 0 1 1 1 2 0 0 0 0 0 0/0 11:54 0:00 0:28
Mikael Granlund 0 1 1 2 0 2 0 0 0 0 9/15 18:37 3:20 1:04
Nathan MacKinnon 0 2 2 0 0 0 0 0 3 0 11/24 18:14 4:34 0:05
Nikolaj Ehlers 0 0 0 0 0 1 1 0 0 0 0/1 16:11 3:27 0:13
Teuvo Teravainen 0 0 0 2 0 1 1 0 0 0 0/1 12:43 0:00 1:27
3 Stars
1 - Mathew Barzal (NYR)
2 - Joe Pavelski (NYR)
3 - Sam Bennett (TOR)
Power Play
Toronto Maple Leafs - 1 on 4 Attempt(s) - 25.00%
New York Rangers - 0 on 5 Attempt(s) - 0.00%
Penalty Kill
Toronto Maple Leafs - 5 on 5 Attempt(s) - 100.00%
- Score 0 goal in Penalty Kill
New York Rangers - 3 on 4 Attempt(s) - 75.00%
- Score 0 goal in Penalty Kill
Team Stat
Toronto Maple Leafs - Hits : 33 - Faceoff Wins : 32 - Blocked Shots : 14 - Penalty Minutes : 15
New York Rangers - Hits : 11 - Faceoff Wins : 32 - Blocked Shots : 11 - Penalty Minutes : 13
Official
Referees : Ghislain Hebert and Kevin Pollock
Linesman : Jesse Marquis and David Brisebois
Game Notes
Marcus Foligno and Nino Niederreiter fight to a draw at 1:51 of 1st period
Frederik Andersen is injured at 14:17 of 2nd period (Bruised Right Shoulder)
Cam Talbot enters game at 14:17 of 2nd period
Finance
Level 1 -- Attendance: 4623 (77.05%) -- Ticket Income $471,546
Level 2 -- Attendance: 3603 (72.06%) -- Ticket Income $226,989
Level 3 -- Attendance: 2040 (68.00%) -- Ticket Income $83,640
Level 4 -- Attendance: 3400 (68.00%) -- Ticket Income $95,200
Luxury Box -- Attendance: 854 (85.40%) -- Ticket Income $166,530
Game was played at the Madison Square Garden.
Total Attendance: 14520 (72.60%)
Total Ticket Income: $1,043,905
Other Income: $365,367
Total Income: $1,409,272
Toronto Maple Leafs
5 vs 5 Forward
Center Left Wing Right Wing Time % Phy DF OF
1 Tomas Hertl Brady Tkachuk Troy Terry 30 1 2 2
2 Wyatt Johnston Quinton Byfield Nick Bjugstad 30 1 2 2
3 Sam Bennett Nino Niederreiter Nicolas Roy 25 1 2 2
4 Scott Laughton Brandon Saad Andrew Mangiapane 15 1 2 2
5 vs 5 Defense
Defense Defense Time % Phy DF OF
1 Ryan Pulock Aaron Ekblad 30 1 2 2
2 Mario Ferraro Cody Ceci 30 1 2 2
3 Dougie Hamilton Sean Walker 25 1 2 2
4 Dougie Hamilton Sean Walker 15 1 2 2
PowerPlay Forward
Center Left Wing Right Wing Time % Phy DF OF
1 Tomas Hertl Brady Tkachuk Troy Terry 50 1 2 2
2 Wyatt Johnston Quinton Byfield Nick Bjugstad 50 1 2 2
PowerPlay Defense
Defense Defense Time % Phy DF OF
1 Aaron Ekblad Dougie Hamilton 50 1 2 2
2 Ryan Pulock Sean Walker 50 1 2 2
Penalty Kill 4 Players Forward
Center Wing Time % Phy DF OF
1 Nick Bjugstad Scott Laughton 50 1 2 2
2 Tomas Hertl Nicolas Roy 50 1 2 2
Penalty Kill 4 Players Defense
Defense Defense Time % Phy DF OF
1 Ryan Pulock Mario Ferraro 50 1 2 2
2 Aaron Ekblad Cody Ceci 50 1 2 2
Penalty Kill - 3 Players Forward
Forward Time % Phy DF OF
1 Nick Bjugstad 50 1 2 2
2 Scott Laughton 50 1 2 2
Penalty Kill - 3 Players Defense
Defense Defense Time % Phy DF OF
1 Ryan Pulock Mario Ferraro 50 1 2 2
2 Aaron Ekblad Cody Ceci 50 1 2 2
4 vs 4 Forward
Center Wing Time % Phy DF OF
1 Wyatt Johnston Nick Bjugstad 50 1 2 2
2 Tomas Hertl Brady Tkachuk 50 1 2 2
4 vs 4 Defense
Defense Defense Time % Phy DF OF
1 Sean Walker Aaron Ekblad 50 1 2 2
2 Dougie Hamilton Ryan Pulock 50 1 2 2
Last Minutes Offensive
Center Left Wing Right Wing Defense Defense
Tomas Hertl Brady Tkachuk Troy Terry Dougie Hamilton Aaron Ekblad
Last Minutes Defensive
Center Left Wing Right Wing Defense Defense
Tomas Hertl Scott Laughton Nick Bjugstad Aaron Ekblad Ryan Pulock
Goaltenders
Starting : Frederik Andersen
Backup : Cam Talbot
Extra Forwards
Normal : Sam Bennett, Brandon Saad, Nino Niederreiter - PP : Sam Bennett, Brandon Saad - PK : Nino Niederreiter
Extra Defensemen
Normal : Sean Walker, Dougie Hamilton, Cody Ceci - PP : Mario Ferraro - PK : Dougie Hamilton, Sean Walker
Penalty Shots
Brady Tkachuk, Tomas Hertl, Nick Bjugstad, Wyatt Johnston, Quinton Byfield
Scratches
Bowen Byram (Healthy), Kyle Okposo (Healthy), Warren Foegele (Healthy), Luke Schenn (Healthy), Pierre Engvall (Healthy)
New York Rangers
5 vs 5 Forward
Center Left Wing Right Wing Time % Phy DF OF
1 Nathan MacKinnon Artemi Panarin Mathew Barzal 30 1 2 2
2 Dylan Strome Cole Caufield Nikolaj Ehlers 30 1 2 2
3 Mikael Granlund Teuvo Teravainen Joe Pavelski 25 1 2 2
4 David Kampf Conor Garland Marcus Foligno 15 1 2 2
5 vs 5 Defense
Defense Defense Time % Phy DF OF
1 Cam Fowler Adam Larsson 40 1 2 2
2 Jake McCabe Jake Walman 35 1 2 2
3 Brendan Smith Matthew Benning 25 1 2 2
4 Cam Fowler Jake McCabe 0 1 2 2
PowerPlay Forward
Center Left Wing Right Wing Time % Phy DF OF
1 Nathan MacKinnon Artemi Panarin Cole Caufield 60 1 1 3
2 Dylan Strome Joe Pavelski Nikolaj Ehlers 40 1 1 3
PowerPlay Defense
Defense Defense Time % Phy DF OF
1 Jake Walman Mathew Barzal 60 1 1 3
2 Mikael Granlund Cam Fowler 40 1 1 3
Penalty Kill 4 Players Forward
Center Wing Time % Phy DF OF
1 David Kampf Marcus Foligno 50 1 2 2
2 Mikael Granlund Teuvo Teravainen 50 1 2 2
Penalty Kill 4 Players Defense
Defense Defense Time % Phy DF OF
1 Jake Walman Brendan Smith 50 1 2 2
2 Adam Larsson Cam Fowler 50 1 2 2
Penalty Kill - 3 Players Forward
Forward Time % Phy DF OF
1 David Kampf 50 1 2 2
2 Mikael Granlund 50 1 2 2
Penalty Kill - 3 Players Defense
Defense Defense Time % Phy DF OF
1 Jake Walman Brendan Smith 50 1 2 2
2 Adam Larsson Cam Fowler 50 1 2 2
4 vs 4 Forward
Center Wing Time % Phy DF OF
1 Nathan MacKinnon Artemi Panarin 50 1 2 2
2 Dylan Strome Cole Caufield 50 1 2 2
4 vs 4 Defense
Defense Defense Time % Phy DF OF
1 Jake Walman Jake McCabe 50 1 2 2
2 Adam Larsson Cam Fowler 50 1 2 2
Last Minutes Offensive
Center Left Wing Right Wing Defense Defense
Nathan MacKinnon Artemi Panarin Mathew Barzal Cam Fowler Jake Walman
Last Minutes Defensive
Center Left Wing Right Wing Defense Defense
David Kampf Mikael Granlund Marcus Foligno Jake Walman Brendan Smith
Goaltenders
Starting : Igor Shesterkin
Backup : Casey DeSmith
Extra Forwards
Normal : Dylan Strome, Joe Pavelski, Nikolaj Ehlers - PP : Dylan Strome, Conor Garland - PK : Nikolaj Ehlers
Extra Defensemen
Normal : Brendan Smith, Jake Walman, Adam Larsson - PP : Brendan Smith - PK : Jake Walman, Adam Larsson
Penalty Shots
Artemi Panarin, Dylan Strome, Cole Caufield, Conor Garland, Nathan MacKinnon
Scratches
Kevin Lankinen (Healthy)
% Time on Ice - Toronto Maple Leafs
Lines # - Real PCT - Wanted PCT - Time Play
Normal Forward
1 - 29% - 30% - 13:13
2 - 29% - 30% - 13:08
3 - 22% - 25% - 10:00
4 - 19% - 15% - 8:47
Normal Defense
1 - 32% - 30% - 14:16
2 - 32% - 30% - 14:20
3 - 24% - 25% - 10:50
4 - 13% - 15% - 5:42
PP Forward
1 - 49% - 50% - 2:06
2 - 51% - 50% - 2:09
PP Defense
1 - 51% - 50% - 2:09
2 - 49% - 50% - 2:06
PK Forward
1 - 49% - 50% - 3:55
2 - 51% - 50% - 4:06
PK Defense
1 - 48% - 50% - 3:52
2 - 52% - 50% - 4:09
PK3 Forward
1 - 0% - 50%
2 - 0% - 50%
PK3 Defense
1 - 0% - 50%
2 - 0% - 50%
44 Forward
1 - 54% - 50% - 1:01
2 - 46% - 50% - 0:53
44 Defense
1 - 58% - 50% - 1:06
2 - 42% - 50% - 0:48
Last Minute Offensive - 0:42
Last Minute Defensive - 0:00
Total
Forward - 60:00
Defense - 60:00
|
% Time on Ice - New York Rangers
Lines # - Real PCT - Wanted PCT - Time Play
Normal Forward
1 - 28% - 30% - 12:37
2 - 29% - 30% - 12:52
3 - 23% - 25% - 10:35
4 - 20% - 15% - 9:04
Normal Defense
1 - 40% - 40% - 17:55
2 - 33% - 35% - 14:42
3 - 26% - 25% - 11:35
4 - 2% - 0% - 0:56
PP Forward
1 - 57% - 60% - 4:34
2 - 43% - 40% - 3:27
PP Defense
1 - 60% - 60% - 4:47
2 - 40% - 40% - 3:14
PK Forward
1 - 61% - 50% - 2:35
2 - 39% - 50% - 1:40
PK Defense
1 - 39% - 50% - 1:40
2 - 61% - 50% - 2:35
PK3 Forward
1 - 0% - 50%
2 - 0% - 50%
PK3 Defense
1 - 0% - 50%
2 - 0% - 50%
44 Forward
1 - 51% - 50% - 0:58
2 - 49% - 50% - 0:56
44 Defense
1 - 61% - 50% - 1:10
2 - 39% - 50% - 0:44
Last Minute Offensive - 0:00
Last Minute Defensive - 0:42
Total
Forward - 60:00
Defense - 60:00
|
Play-by-Play
1st period
0:01 of 1st period - Nathan MacKinnon wins face-off versus Tomas Hertl in neutral zone.
0:06 of 1st period - Wrist shot by Artemi Panarin.
0:06 of 1st period - Stopped by Frederik Andersen with a rebound.
0:17 of 1st period - Off-side.
0:18 of 1st period - Wyatt Johnston wins face-off versus Dylan Strome in neutral zone.
0:45 of 1st period - Cody Ceci is hit by Joe Pavelski and loses puck.
1:21 of 1st period - Snap shot by Conor Garland.
1:21 of 1st period - Deflect By Marcus Foligno.
1:21 of 1st period - Stopped by Frederik Andersen without a rebound.
1:22 of 1st period - Wyatt Johnston wins face-off versus Nathan MacKinnon in Toronto Maple Leafs zone.
1:36 of 1st period - Off-side.
1:37 of 1st period - Tomas Hertl wins face-off versus Nikolaj Ehlers in neutral zone.
1:48 of 1st period - Wrist shot by Brady Tkachuk.
1:48 of 1st period - Stopped by Igor Shesterkin without a rebound.
1:49 of 1st period - David Kampf wins face-off versus Sam Bennett in New York Rangers zone.
1:51 of 1st period - Marcus Foligno and Nino Niederreiter fight to a draw.
1:51 of 1st period - Penalty to Marcus Foligno for Fighting.
1:51 of 1st period - Penalty to Nino Niederreiter for Fighting.
1:52 of 1st period - Brandon Saad wins face-off versus Joe Pavelski in neutral zone.
1:58 of 1st period - Minor Penalty to Brandon Saad for Hooking.
1:59 of 1st period - Nick Bjugstad wins face-off versus Nathan MacKinnon in Toronto Maple Leafs zone.
1:59 of 1st period - Nick Bjugstad is hit by Mathew Barzal.
2:26 of 1st period - Jake Walman is hit by Tomas Hertl and loses puck.
3:58 of 1st period - Penalty to Brandon Saad is over, Brandon Saad is back on ice.
6:47 of 1st period - Teuvo Teravainen is hit by Scott Laughton and loses puck.
7:29 of 1st period - Icing by Nathan MacKinnon.
7:30 of 1st period - Tomas Hertl wins face-off versus Nathan MacKinnon in New York Rangers zone.
7:45 of 1st period - Cole Caufield is hit by Sam Bennett.
8:01 of 1st period - Wrist shot by Nino Niederreiter.
8:01 of 1st period - Stopped by Igor Shesterkin with a rebound.
8:03 of 1st period - Snap shot by Wyatt Johnston.
8:03 of 1st period - Stopped by Igor Shesterkin with a rebound.
8:05 of 1st period - Backhand shot by Aaron Ekblad.
8:05 of 1st period - Shot Misses the Net.
8:07 of 1st period - Slapshot by Aaron Ekblad.
8:07 of 1st period - Shot Misses the Net.
8:17 of 1st period - Minor Penalty to Matthew Benning for Holding Stick.
8:18 of 1st period - Brady Tkachuk wins face-off versus David Kampf in New York Rangers zone.
8:27 of 1st period - Slapshot by Brady Tkachuk.
8:27 of 1st period - Shot Misses the Net.
8:29 of 1st period - Slapshot by Dougie Hamilton.
8:29 of 1st period - Goal by Dougie Hamilton - Toronto Maple Leafs : 1 - New York Rangers : 0.
8:30 of 1st period - Dylan Strome wins face-off versus Tomas Hertl in neutral zone.
8:46 of 1st period - Cole Caufield is hit by Mario Ferraro and loses puck.
8:59 of 1st period - Nathan MacKinnon is hit by Quinton Byfield and loses puck.
9:36 of 1st period - Snap shot by Quinton Byfield.
9:36 of 1st period - Shot Misses the Net.
9:38 of 1st period - Slapshot by Cody Ceci.
9:38 of 1st period - Stopped by Igor Shesterkin with a rebound.
9:40 of 1st period - Slapshot by Mario Ferraro.
9:40 of 1st period - Stopped by Igor Shesterkin without a rebound.
9:41 of 1st period - Tomas Hertl wins face-off versus Dylan Strome in New York Rangers zone.
9:49 of 1st period - Snap shot by Brady Tkachuk.
9:49 of 1st period - Shot Misses the Net.
9:55 of 1st period - Slapshot by Brady Tkachuk.
9:55 of 1st period - Stopped by Igor Shesterkin without a rebound.
9:56 of 1st period - Nathan MacKinnon wins face-off versus Sam Bennett in New York Rangers zone.
10:03 of 1st period - Nino Niederreiter is hit by Mathew Barzal and loses puck.
10:22 of 1st period - Aaron Ekblad is hit by Nikolaj Ehlers and loses puck.
10:29 of 1st period - Slapshot by Nikolaj Ehlers.
10:29 of 1st period - Shot Blocked by Ryan Pulock.
10:31 of 1st period - Slapshot by Jake Walman.
10:31 of 1st period - Shot Misses the Net.
10:49 of 1st period - Ryan Pulock is hit by Teuvo Teravainen and loses puck.
12:01 of 1st period - Snap shot by Marcus Foligno.
12:01 of 1st period - Stopped by Frederik Andersen without a rebound.
12:02 of 1st period - Dylan Strome wins face-off versus Nick Bjugstad in Toronto Maple Leafs zone.
12:05 of 1st period - Wrist shot by Dylan Strome.
12:05 of 1st period - Stopped by Frederik Andersen with a rebound.
12:11 of 1st period - Dylan Strome is hit by Nick Bjugstad and loses puck.
12:32 of 1st period - Snap shot by Artemi Panarin.
12:32 of 1st period - Shot Blocked by Dougie Hamilton.
12:34 of 1st period - Slapshot by Nathan MacKinnon.
12:34 of 1st period - Shot Blocked by Dougie Hamilton.
12:36 of 1st period - Slapshot by Artemi Panarin.
12:36 of 1st period - Stopped by Frederik Andersen with a rebound.
12:38 of 1st period - Snap shot by Nathan MacKinnon.
12:38 of 1st period - Shot Misses the Net.
12:40 of 1st period - Slapshot by Adam Larsson.
12:40 of 1st period - Deflect By Mathew Barzal.
12:40 of 1st period - Goal by Mathew Barzal - Toronto Maple Leafs : 1 - New York Rangers : 1.
12:41 of 1st period - Nathan MacKinnon wins face-off versus Nino Niederreiter in neutral zone.
12:44 of 1st period - Slapshot by Mathew Barzal.
12:44 of 1st period - Stopped by Frederik Andersen without a rebound.
12:45 of 1st period - Nathan MacKinnon wins face-off versus Sam Bennett in Toronto Maple Leafs zone.
13:20 of 1st period - Snap shot by Brady Tkachuk.
13:20 of 1st period - Shot Misses the Net.
14:02 of 1st period - Snap shot by Scott Laughton.
14:02 of 1st period - Stopped by Igor Shesterkin without a rebound.
14:03 of 1st period - David Kampf wins face-off versus Scott Laughton in New York Rangers zone.
14:15 of 1st period - Snap shot by Scott Laughton.
14:15 of 1st period - Stopped by Igor Shesterkin without a rebound.
14:16 of 1st period - Nathan MacKinnon wins face-off versus Tomas Hertl in New York Rangers zone.
14:21 of 1st period - Mathew Barzal is hit by Dougie Hamilton and loses puck.
15:28 of 1st period - Wrist shot by Conor Garland.
15:28 of 1st period - Goal by Conor Garland - Toronto Maple Leafs : 1 - New York Rangers : 2.
15:29 of 1st period - Tomas Hertl wins face-off versus Mikael Granlund in neutral zone.
15:31 of 1st period - Minor Penalty to Brady Tkachuk for Hooking.
15:32 of 1st period - Tomas Hertl wins face-off versus Nathan MacKinnon in Toronto Maple Leafs zone.
15:42 of 1st period - Aaron Ekblad is hit by Mathew Barzal and loses puck.
15:59 of 1st period - Jake Walman is hit by Aaron Ekblad and loses puck.
17:31 of 1st period - Penalty to Brady Tkachuk is over, Brady Tkachuk is back on ice.
17:58 of 1st period - Conor Garland is hit by Nino Niederreiter.
18:14 of 1st period - Icing by Artemi Panarin.
18:15 of 1st period - Tomas Hertl wins face-off versus Nathan MacKinnon in New York Rangers zone.
18:18 of 1st period - Wrist shot by Tomas Hertl.
18:18 of 1st period - Stopped by Igor Shesterkin without a rebound.
18:19 of 1st period - Dylan Strome wins face-off versus Tomas Hertl in New York Rangers zone.
18:19 of 1st period - Dylan Strome is hit by Brady Tkachuk.
18:27 of 1st period - Wrist shot by Brady Tkachuk.
18:27 of 1st period - Stopped by Igor Shesterkin with a rebound.
18:33 of 1st period - Snap shot by Troy Terry.
18:33 of 1st period - Shot Misses the Net.
18:52 of 1st period - Snap shot by Wyatt Johnston.
18:52 of 1st period - Shot Misses the Net.
18:54 of 1st period - Slapshot by Cody Ceci.
18:54 of 1st period - Goal by Cody Ceci - Toronto Maple Leafs : 2 - New York Rangers : 2.
18:55 of 1st period - Mikael Granlund wins face-off versus Tomas Hertl in neutral zone.
19:22 of 1st period - Adam Larsson is hit by Nicolas Roy and loses puck.
19:45 of 1st period - Snap shot by Cole Caufield.
19:45 of 1st period - Stopped by Frederik Andersen without a rebound.
19:46 of 1st period - Dylan Strome wins face-off versus Wyatt Johnston in Toronto Maple Leafs zone.
19:55 of 1st period - Snap shot by Cole Caufield.
19:55 of 1st period - Shot Blocked by Quinton Byfield.
19:57 of 1st period - Snap shot by Cole Caufield.
19:57 of 1st period - Stopped by Frederik Andersen without a rebound.
19:58 of 1st period - Mikael Granlund wins face-off versus Tomas Hertl in Toronto Maple Leafs zone.
19:59 of 1st period - Wrist shot by Joe Pavelski.
19:59 of 1st period - Stopped by Frederik Andersen with a rebound.
Goals for this period are 2 for Toronto Maple Leafs vs 2 for New York Rangers.
Shots for this period are 12 for Toronto Maple Leafs vs 11 for New York Rangers.
2nd period
0:01 of 2nd period - Mikael Granlund wins face-off versus Tomas Hertl in neutral zone.
0:26 of 2nd period - Dylan Strome is hit by Quinton Byfield and loses puck.
0:57 of 2nd period - Wrist shot by Artemi Panarin.
0:57 of 2nd period - Shot Blocked by Cody Ceci.
0:59 of 2nd period - Snap shot by Mathew Barzal.
0:59 of 2nd period - Shot Misses the Net.
1:09 of 2nd period - Wrist shot by Teuvo Teravainen.
1:09 of 2nd period - Stopped by Frederik Andersen with a rebound.
2:34 of 2nd period - Wrist shot by Brady Tkachuk.
2:34 of 2nd period - Stopped by Igor Shesterkin with a rebound.
2:36 of 2nd period - Snap shot by Brady Tkachuk.
2:36 of 2nd period - Stopped by Igor Shesterkin with a rebound.
2:38 of 2nd period - Slapshot by Ryan Pulock.
2:38 of 2nd period - Deflect By Troy Terry.
2:38 of 2nd period - Stopped by Igor Shesterkin with a rebound.
2:51 of 2nd period - Wyatt Johnston is hit by Marcus Foligno.
3:01 of 2nd period - Snap shot by Mathew Barzal.
3:01 of 2nd period - Deflect By Nathan MacKinnon.
3:01 of 2nd period - Shot Misses the Net.
3:01 of 2nd period - Puck is out of play.
3:02 of 2nd period - Andrew Mangiapane wins face-off versus Nathan MacKinnon in Toronto Maple Leafs zone.
3:07 of 2nd period - Wrist shot by Brandon Saad.
3:07 of 2nd period - Stopped by Igor Shesterkin without a rebound.
3:08 of 2nd period - Dylan Strome wins face-off versus Wyatt Johnston in New York Rangers zone.
3:10 of 2nd period - Minor Penalty to Dylan Strome for Roughing.
3:11 of 2nd period - Mikael Granlund wins face-off versus Wyatt Johnston in New York Rangers zone.
3:25 of 2nd period - Snap shot by Marcus Foligno.
3:25 of 2nd period - Stopped by Frederik Andersen with a rebound.
5:09 of 2nd period - Mikael Granlund is hit by Sam Bennett and loses puck.
5:10 of 2nd period - Penalty to Dylan Strome is over, Dylan Strome is back on ice.
5:20 of 2nd period - Slapshot by Sam Bennett.
5:20 of 2nd period - Stopped by Igor Shesterkin with a rebound.
5:40 of 2nd period - Wrist shot by Dylan Strome.
5:40 of 2nd period - Shot Blocked by Cody Ceci.
5:42 of 2nd period - Snap shot by Dylan Strome.
5:42 of 2nd period - Shot Misses the Net.
6:04 of 2nd period - Snap shot by Nikolaj Ehlers.
6:04 of 2nd period - Shot Misses the Net.
6:06 of 2nd period - Slapshot by Brendan Smith.
6:06 of 2nd period - Stopped by Frederik Andersen with a rebound.
6:08 of 2nd period - Slapshot by Dylan Strome.
6:08 of 2nd period - Stopped by Frederik Andersen with a rebound.
6:40 of 2nd period - Brendan Smith is hit by Mario Ferraro and loses puck.
7:07 of 2nd period - Snap shot by Scott Laughton.
7:07 of 2nd period - Stopped by Igor Shesterkin with a rebound.
7:15 of 2nd period - Snap shot by Dylan Strome.
7:15 of 2nd period - Shot Misses the Net.
7:17 of 2nd period - Wrist shot by Nikolaj Ehlers.
7:17 of 2nd period - Stopped by Frederik Andersen with a rebound.
7:19 of 2nd period - Snap shot by Brendan Smith.
7:19 of 2nd period - Deflect By Brandon Saad.
7:19 of 2nd period - Stopped by Frederik Andersen without a rebound.
7:20 of 2nd period - Nathan MacKinnon wins face-off versus Tomas Hertl in Toronto Maple Leafs zone.
7:36 of 2nd period - Minor Penalty to Artemi Panarin for Interference.
7:37 of 2nd period - David Kampf wins face-off versus Wyatt Johnston in New York Rangers zone.
7:37 of 2nd period - David Kampf is hit by Aaron Ekblad.
8:10 of 2nd period - Snap shot by Brady Tkachuk.
8:10 of 2nd period - Deflect By Troy Terry.
8:10 of 2nd period - Shot Misses the Net.
8:10 of 2nd period - Puck is out of play.
8:11 of 2nd period - David Kampf wins face-off versus Nick Bjugstad in New York Rangers zone.
9:36 of 2nd period - Penalty to Artemi Panarin is over, Artemi Panarin is back on ice.
10:38 of 2nd period - Jake Walman is hit by Brandon Saad and loses puck.
11:06 of 2nd period - Brady Tkachuk is hit by Marcus Foligno and loses puck.
11:24 of 2nd period - Snap shot by Nick Bjugstad.
11:24 of 2nd period - Shot Blocked by Cam Fowler.
11:58 of 2nd period - Cole Caufield is hit by Andrew Mangiapane.
12:40 of 2nd period - Snap shot by Brady Tkachuk.
12:40 of 2nd period - Shot Hit the Post.
12:46 of 2nd period - Brady Tkachuk is hit by Brendan Smith and loses puck.
13:19 of 2nd period - Wrist shot by Sam Bennett.
13:19 of 2nd period - Stopped by Igor Shesterkin with a rebound.
13:31 of 2nd period - Nathan MacKinnon is hit by Wyatt Johnston and loses puck.
13:40 of 2nd period - Snap shot by Wyatt Johnston.
13:40 of 2nd period - Shot Misses the Net.
13:42 of 2nd period - Snap shot by Wyatt Johnston.
13:42 of 2nd period - Shot Misses the Net.
13:44 of 2nd period - Slapshot by Aaron Ekblad.
13:44 of 2nd period - Stopped by Igor Shesterkin with a rebound.
13:56 of 2nd period - Jake McCabe is hit by Brady Tkachuk and loses puck.
14:03 of 2nd period - Wrist shot by Troy Terry.
14:03 of 2nd period - Stopped by Igor Shesterkin without a rebound.
14:04 of 2nd period - Mikael Granlund wins face-off versus Tomas Hertl in New York Rangers zone.
14:04 of 2nd period - Mikael Granlund is hit by Brady Tkachuk.
14:17 of 2nd period - Wrist shot by Mikael Granlund.
14:17 of 2nd period - Stopped by Frederik Andersen without a rebound.
14:17 of 2nd period - Frederik Andersen from Toronto Maple Leafs is injured at 14:17 of 2nd period (Bruised Right Shoulder).
14:17 of 2nd period - Cam Talbot enters game.
14:18 of 2nd period - Wyatt Johnston wins face-off versus Mathew Barzal in Toronto Maple Leafs zone.
14:23 of 2nd period - Wrist shot by Wyatt Johnston.
14:23 of 2nd period - Shot Blocked by Artemi Panarin.
14:25 of 2nd period - Slapshot by Ryan Pulock.
14:25 of 2nd period - Stopped by Igor Shesterkin with a rebound.
14:27 of 2nd period - Wrist shot by Wyatt Johnston.
14:27 of 2nd period - Shot Misses the Net.
14:29 of 2nd period - Wrist shot by Quinton Byfield.
14:29 of 2nd period - Deflect By Mathew Barzal.
14:29 of 2nd period - Shot Blocked by Jake Walman.
14:29 of 2nd period - Puck is out of play.
14:30 of 2nd period - Wyatt Johnston wins face-off versus Mikael Granlund in New York Rangers zone.
14:41 of 2nd period - Ryan Pulock is hit by Joe Pavelski and loses puck.
14:56 of 2nd period - Jake McCabe is hit by Tomas Hertl.
15:19 of 2nd period - Off-side.
15:20 of 2nd period - Sam Bennett wins face-off versus David Kampf in neutral zone.
15:49 of 2nd period - Snap shot by Nathan MacKinnon.
15:49 of 2nd period - Deflect By Nicolas Roy.
15:49 of 2nd period - Shot Blocked by Nicolas Roy.
15:49 of 2nd period - Puck is out of play.
15:50 of 2nd period - Wyatt Johnston wins face-off versus Nathan MacKinnon in Toronto Maple Leafs zone.
15:59 of 2nd period - Snap shot by Nathan MacKinnon.
15:59 of 2nd period - Shot Misses the Net.
16:01 of 2nd period - Snap shot by Mathew Barzal.
16:01 of 2nd period - Stopped by Cam Talbot without a rebound.
16:02 of 2nd period - Mikael Granlund wins face-off versus Tomas Hertl in Toronto Maple Leafs zone.
16:08 of 2nd period - Minor Penalty to Dougie Hamilton for Tripping.
16:09 of 2nd period - Nick Bjugstad wins face-off versus Nathan MacKinnon in Toronto Maple Leafs zone.
18:08 of 2nd period - Penalty to Dougie Hamilton is over, Dougie Hamilton is back on ice.
19:22 of 2nd period - Wrist shot by Brandon Saad.
19:22 of 2nd period - Stopped by Igor Shesterkin with a rebound.
Goals for this period are 0 for Toronto Maple Leafs vs 0 for New York Rangers.
Shots for this period are 11 for Toronto Maple Leafs vs 8 for New York Rangers.
3rd period
0:01 of 3rd period - Nathan MacKinnon wins face-off versus Tomas Hertl in neutral zone.
0:16 of 3rd period - Snap shot by Artemi Panarin.
0:16 of 3rd period - Goal by Artemi Panarin - Toronto Maple Leafs : 2 - New York Rangers : 3.
0:17 of 3rd period - Tomas Hertl wins face-off versus Mikael Granlund in neutral zone.
0:31 of 3rd period - Snap shot by Brady Tkachuk.
0:31 of 3rd period - Shot Misses the Net.
0:33 of 3rd period - Snap shot by Sean Walker.
0:33 of 3rd period - Shot Blocked by Jake Walman.
1:24 of 3rd period - Wrist shot by Conor Garland.
1:24 of 3rd period - Shot Misses the Net.
1:44 of 3rd period - Cam Fowler is hit by Brady Tkachuk and loses puck.
2:05 of 3rd period - Snap shot by Tomas Hertl.
2:05 of 3rd period - Stopped by Igor Shesterkin with a rebound.
2:31 of 3rd period - Slapshot by Nicolas Roy.
2:31 of 3rd period - Stopped by Igor Shesterkin with a rebound.
3:11 of 3rd period - Slapshot by Teuvo Teravainen.
3:11 of 3rd period - Shot Misses the Net.
3:13 of 3rd period - Wrist shot by Joe Pavelski.
3:13 of 3rd period - Shot Misses the Net.
3:15 of 3rd period - Snap shot by Mikael Granlund.
3:15 of 3rd period - Shot Blocked by Sean Walker.
3:35 of 3rd period - Wrist shot by Quinton Byfield.
3:35 of 3rd period - Stopped by Igor Shesterkin without a rebound.
3:36 of 3rd period - Mikael Granlund wins face-off versus Wyatt Johnston in New York Rangers zone.
3:36 of 3rd period - Mikael Granlund is hit by Quinton Byfield.
3:48 of 3rd period - Wrist shot by Joe Pavelski.
3:48 of 3rd period - Stopped by Cam Talbot without a rebound.
3:49 of 3rd period - Tomas Hertl wins face-off versus Nathan MacKinnon in Toronto Maple Leafs zone.
3:54 of 3rd period - Snap shot by Brady Tkachuk.
3:54 of 3rd period - Shot Blocked by Adam Larsson.
4:12 of 3rd period - Minor Penalty to Brady Tkachuk for Hooking.
4:13 of 3rd period - Nathan MacKinnon wins face-off versus Nick Bjugstad in Toronto Maple Leafs zone.
4:14 of 3rd period - Slapshot by Artemi Panarin.
4:14 of 3rd period - Stopped by Cam Talbot without a rebound.
4:15 of 3rd period - Nick Bjugstad wins face-off versus Cole Caufield in Toronto Maple Leafs zone.
4:30 of 3rd period - Wrist shot by Nicolas Roy.
4:30 of 3rd period - Stopped by Igor Shesterkin without a rebound.
4:31 of 3rd period - Nick Bjugstad wins face-off versus Nathan MacKinnon in New York Rangers zone.
6:09 of 3rd period - Artemi Panarin is hit by Nicolas Roy and loses puck.
6:12 of 3rd period - Penalty to Brady Tkachuk is over, Brady Tkachuk is back on ice.
6:27 of 3rd period - Wrist shot by Conor Garland.
6:27 of 3rd period - Shot Misses the Net.
8:07 of 3rd period - Icing by Jake McCabe.
8:08 of 3rd period - Wyatt Johnston wins face-off versus Cole Caufield in New York Rangers zone.
8:11 of 3rd period - Snap shot by Quinton Byfield.
8:11 of 3rd period - Shot Misses the Net.
8:29 of 3rd period - Wrist shot by Scott Laughton.
8:29 of 3rd period - Stopped by Igor Shesterkin without a rebound.
8:30 of 3rd period - Scott Laughton wins face-off versus Nathan MacKinnon in New York Rangers zone.
8:37 of 3rd period - Wrist shot by Scott Laughton.
8:37 of 3rd period - Shot Misses the Net.
8:57 of 3rd period - Teuvo Teravainen is hit by Tomas Hertl and loses puck.
9:06 of 3rd period - Slapshot by Troy Terry.
9:06 of 3rd period - Deflect By Brady Tkachuk.
9:06 of 3rd period - Stopped by Igor Shesterkin with a rebound.
9:25 of 3rd period - Marcus Foligno is hit by Sam Bennett and loses puck.
9:48 of 3rd period - Slapshot by Dylan Strome.
9:48 of 3rd period - Stopped by Cam Talbot without a rebound.
9:49 of 3rd period - Wyatt Johnston wins face-off versus Mathew Barzal in Toronto Maple Leafs zone.
9:54 of 3rd period - Wrist shot by Nick Bjugstad.
9:54 of 3rd period - Stopped by Igor Shesterkin with a rebound.
9:56 of 3rd period - Snap shot by Wyatt Johnston.
9:56 of 3rd period - Shot Blocked by Brendan Smith.
9:58 of 3rd period - Slapshot by Wyatt Johnston.
9:58 of 3rd period - Deflect By Nick Bjugstad.
9:58 of 3rd period - Shot Blocked by Mathew Barzal.
9:58 of 3rd period - Puck is out of play.
9:59 of 3rd period - Tomas Hertl wins face-off versus Nathan MacKinnon in New York Rangers zone.
10:04 of 3rd period - Snap shot by Tomas Hertl.
10:04 of 3rd period - Shot Misses the Net.
10:22 of 3rd period - Wrist shot by Artemi Panarin.
10:22 of 3rd period - Shot Blocked by Dougie Hamilton.
10:38 of 3rd period - Snap shot by Artemi Panarin.
10:38 of 3rd period - Deflect By Nathan MacKinnon.
10:38 of 3rd period - Shot Misses the Net.
10:38 of 3rd period - Puck is out of play.
10:39 of 3rd period - Sam Bennett wins face-off versus Teuvo Teravainen in Toronto Maple Leafs zone.
10:46 of 3rd period - Backhand shot by Sam Bennett.
10:46 of 3rd period - Shot Misses the Net.
10:48 of 3rd period - Slapshot by Ryan Pulock.
10:48 of 3rd period - Stopped by Igor Shesterkin without a rebound.
10:49 of 3rd period - Mikael Granlund wins face-off versus Sam Bennett in New York Rangers zone.
10:49 of 3rd period - Mikael Granlund is hit by Ryan Pulock.
10:59 of 3rd period - Wrist shot by Nino Niederreiter.
10:59 of 3rd period - Shot Misses the Net.
11:01 of 3rd period - Slapshot by Ryan Pulock.
11:01 of 3rd period - Deflect By Sam Bennett.
11:01 of 3rd period - Stopped by Igor Shesterkin without a rebound.
11:02 of 3rd period - Nathan MacKinnon wins face-off versus Sam Bennett in New York Rangers zone.
11:02 of 3rd period - Nathan MacKinnon is hit by Sean Walker.
11:14 of 3rd period - Slapshot by Dougie Hamilton.
11:14 of 3rd period - Shot Blocked by Adam Larsson.
11:16 of 3rd period - Slapshot by Sean Walker.
11:16 of 3rd period - Shot Misses the Net.
11:18 of 3rd period - Wrist shot by Sam Bennett.
11:18 of 3rd period - Goal by Sam Bennett - Toronto Maple Leafs : 3 - New York Rangers : 3.
11:19 of 3rd period - Dylan Strome wins face-off versus Wyatt Johnston in neutral zone.
11:24 of 3rd period - Slapshot by Cam Fowler.
11:24 of 3rd period - Deflect By Cole Caufield.
11:24 of 3rd period - Shot Hit the Post.
11:24 of 3rd period - Puck is out of play.
11:25 of 3rd period - Wyatt Johnston wins face-off versus Dylan Strome in Toronto Maple Leafs zone.
11:32 of 3rd period - Dylan Strome is hit by Sean Walker and loses puck.
11:40 of 3rd period - Off-side.
11:41 of 3rd period - Tomas Hertl wins face-off versus Mikael Granlund in neutral zone.
11:46 of 3rd period - Snap shot by Brady Tkachuk.
11:46 of 3rd period - Shot Blocked by Jake Walman.
11:54 of 3rd period - Troy Terry is hit by Jake McCabe and loses puck.
12:37 of 3rd period - Snap shot by Cole Caufield.
12:37 of 3rd period - Stopped by Cam Talbot without a rebound.
12:38 of 3rd period - Tomas Hertl wins face-off versus Mikael Granlund in Toronto Maple Leafs zone.
12:45 of 3rd period - Wrist shot by Tomas Hertl.
12:45 of 3rd period - Stopped by Igor Shesterkin without a rebound.
12:46 of 3rd period - Tomas Hertl wins face-off versus Mikael Granlund in New York Rangers zone.
13:14 of 3rd period - Wrist shot by Tomas Hertl.
13:14 of 3rd period - Shot Misses the Net.
13:16 of 3rd period - Wrist shot by Tomas Hertl.
13:16 of 3rd period - Shot Blocked by Adam Larsson.
13:18 of 3rd period - Slapshot by Aaron Ekblad.
13:18 of 3rd period - Shot Blocked by Cam Fowler.
13:20 of 3rd period - Slapshot by Aaron Ekblad.
13:20 of 3rd period - Deflect By Brady Tkachuk.
13:20 of 3rd period - Shot Misses the Net.
13:20 of 3rd period - Puck is out of play.
13:21 of 3rd period - Dylan Strome wins face-off versus Wyatt Johnston in New York Rangers zone.
13:46 of 3rd period - Artemi Panarin is hit by Dougie Hamilton and loses puck.
14:19 of 3rd period - David Kampf is hit by Andrew Mangiapane and loses puck.
14:41 of 3rd period - Wrist shot by Cole Caufield.
14:41 of 3rd period - Shot Misses the Net.
14:57 of 3rd period - Snap shot by Scott Laughton.
14:57 of 3rd period - Stopped by Igor Shesterkin without a rebound.
14:58 of 3rd period - Nathan MacKinnon wins face-off versus Wyatt Johnston in New York Rangers zone.
15:05 of 3rd period - Snap shot by Brendan Smith.
15:05 of 3rd period - Shot Blocked by Sean Walker.
15:30 of 3rd period - Wrist shot by Troy Terry.
15:30 of 3rd period - Stopped by Igor Shesterkin with a rebound.
15:34 of 3rd period - Backhand shot by Troy Terry.
15:34 of 3rd period - Shot Hit the Post.
15:36 of 3rd period - Snap shot by Tomas Hertl.
15:36 of 3rd period - Stopped by Igor Shesterkin with a rebound.
15:51 of 3rd period - Cole Caufield is hit by Nino Niederreiter and loses puck.
16:55 of 3rd period - Minor Penalty to Dougie Hamilton for Roughing.
16:56 of 3rd period - Tomas Hertl wins face-off versus Nathan MacKinnon in Toronto Maple Leafs zone.
17:00 of 3rd period - Minor Penalty to Jake Walman for Tripping.
17:01 of 3rd period - Nathan MacKinnon wins face-off versus Wyatt Johnston in New York Rangers zone.
17:10 of 3rd period - Brendan Smith is hit by Aaron Ekblad and loses puck.
17:37 of 3rd period - Wrist shot by Cole Caufield.
17:37 of 3rd period - Shot Blocked by Aaron Ekblad.
17:39 of 3rd period - Slapshot by Brendan Smith.
17:39 of 3rd period - Deflect By Sean Walker.
17:39 of 3rd period - Stopped by Cam Talbot with a rebound.
17:41 of 3rd period - Wrist shot by Jake McCabe.
17:41 of 3rd period - Stopped by Cam Talbot with a rebound.
18:55 of 3rd period - Penalty to Dougie Hamilton is over, Dougie Hamilton is back on ice.
19:00 of 3rd period - Penalty to Jake Walman is over, Jake Walman is back on ice.
19:03 of 3rd period - Icing by Sam Bennett.
19:04 of 3rd period - Mikael Granlund wins face-off versus Wyatt Johnston in Toronto Maple Leafs zone.
19:09 of 3rd period - Wrist shot by Teuvo Teravainen.
19:09 of 3rd period - Shot Misses the Net.
19:11 of 3rd period - Slapshot by Matthew Benning.
19:11 of 3rd period - Shot Blocked by Mario Ferraro.
19:17 of 3rd period - Slapshot by Joe Pavelski.
19:17 of 3rd period - Goal by Joe Pavelski - Toronto Maple Leafs : 3 - New York Rangers : 4.
19:18 of 3rd period - Tomas Hertl wins face-off versus David Kampf in neutral zone.
19:41 of 3rd period - Slapshot by David Kampf.
19:41 of 3rd period - Shot Misses the Net.
19:43 of 3rd period - Backhand shot by Brendan Smith.
19:43 of 3rd period - Stopped by Cam Talbot with a rebound.
19:47 of 3rd period - Snap shot by Mikael Granlund.
19:47 of 3rd period - Shot Misses the Net.
19:49 of 3rd period - Slapshot by Brendan Smith.
19:49 of 3rd period - Shot Blocked by Dougie Hamilton.
19:51 of 3rd period - Snap shot by Marcus Foligno.
19:51 of 3rd period - Stopped by Cam Talbot with a rebound.
19:53 of 3rd period - Snap shot by Brendan Smith.
19:53 of 3rd period - Shot Blocked by Dougie Hamilton.
19:55 of 3rd period - Wrist shot by Jake Walman.
19:55 of 3rd period - Stopped by Cam Talbot without a rebound.
19:56 of 3rd period - Mike Babcock call a timeout for Toronto Maple Leafs.
19:56 of 3rd period - David Kampf wins face-off versus Tomas Hertl in Toronto Maple Leafs zone.
19:57 of 3rd period - Wrist shot by Mikael Granlund.
19:57 of 3rd period - Stopped by Cam Talbot with a rebound.
19:59 of 3rd period - Snap shot by David Kampf.
19:59 of 3rd period - Stopped by Cam Talbot without a rebound.
Goals for this period are 1 for Toronto Maple Leafs vs 2 for New York Rangers.
Shots for this period are 14 for Toronto Maple Leafs vs 13 for New York Rangers.
Back to the Top